 Dungeon Crawl Stone Soup version 0.17-a0-1945-gfe993df (webtiles) character file.

123449 4thArraOfDagon the Bludgeoner (level 16, -7/202 HPs)
             Began as an Ogre Hunter on Sept 29, 2015.
             Was a High Priest of Okawaru.
             Mangled by a seven-headed hydra (10 damage)
             ... on level 4 of the Swamp on Sept 30, 2015.
             The game lasted 01:50:49 (14510 turns).

4thArraOfDagon the Bludgeoner (Ogre Hunter)        Turns: 14510, Time: 01:50:49

Health: -7/202     AC: 30    Str: 23    XL:     16   Next: 90%
Magic:  34/39      EV: 13    Int: 18    God:    Okawaru [*****.]
Gold:   565        SH: 13    Dex: 11    Spells: 7 memorised, 7 levels left

rFire  + . .     SeeInvis .     W - +5 eveningstar (protect)
rCold  + . .     Clarity  .     (armour currently unavailable)
rNeg   + . .     SustAt   .     p - +2 shield of Resistance {rF+ rC+ MR+}
rPois  ∞         Gourm    .     (helmet restricted)
rElec  +         Spirit   .     T - +1 cloak {+Inv}
rCorr  .         Warding  .     (gloves unavailable)
rMut   .         Rnd*Tele +     (boots unavailable)
MR     ++...                    C - amulet "Nouguxer" {+Rage Dex+3}
Stlth  +.........               l - ring of the Seven Places {+/*Tele MP+9}
                                t - +3 ring of intelligence

@: about to teleport, statue-form, very slightly contaminated, very slow, very
resistant to hostile enchantments, very unstealthy
A: unfitting armour, (tough skin 0)
a: End Transformation, Heroism, Finesse, Renounce Religion, Evoke Berserk Rage,
Evoke Invisibility, Evoke Teleportation


You were on level 4 of the Swamp.
You worshipped Okawaru.
Okawaru was extremely pleased with you.
You were not hungry.
You were a stone statue.
You visited 5 branches of the dungeon, and saw 30 of its levels.
You also visited: Labyrinth.

You collected 2509 gold pieces.
You spent 1944 gold pieces at shops.

Inventory:

Hand weapons
 b - a +0 blowgun
 G - the +8 war axe of Defiance {flame, rN+ Str+6 Int-2}
   (You took it off a deep elf death mage on level 3 of the Elven Halls)

   It has been specially enchanted to burn those struck by it, causing extra
   injury to most foes and up to half again as much damage against particularly
   susceptible opponents.
   Big, fiery blades are also staple armaments of hydra-hunters.
   It affects your strength (+6).
   It affects your intelligence (-2).
   It protects you from negative energy.
 W - a +5 eveningstar of protection (weapon)
Missiles
 r - 3 needles of confusion
 y - 6 curare-tipped needles
 z - 8 javelins of penetration
 D - 15 steel javelins
 U - 24 large rocks (quivered)
 V - 7 exploding tomahawks
Armour
 a - a +3 troll leather armour (melded)
 p - the +2 shield of Resistance (worn) {rF+ rC+ MR+}
   (You bought it in a shop on level 4 of the Orcish Mines)

   It protects you from fire.
   It protects you from cold.
   It affects your resistance to hostile enchantments.
 T - a +1 cloak of invisibility (worn)
Magical staves
 F - an uncursed staff of wizardry {!a}
Rods
 f - a +8 rod of inaccuracy (9/9)
   (You took it off a deep elf death mage on level 3 of the Elven Halls)
 i - a +4 rod of the swarm (13/13)
   (You took it off a deep elf death mage on level 3 of the Elven Halls)
 w - a -2 lightning rod (12/12)
   (You found it on level 12 of the Dungeon)
Jewellery
 c - an uncursed ring of flight
 l - the ring of the Seven Places (right hand) {+/*Tele MP+9}
   (You bought it in a shop on level 11 of the Dungeon)

   [ring of teleportation]

   It may teleport you to nearby monsters, and can be evoked to randomly
   teleport.
   It affects your magic capacity (+9).
 q - an uncursed amulet of resist mutation
 s - an uncursed amulet of resist corrosion
 t - a +3 ring of intelligence (left hand)
 C - the amulet "Nouguxer" (around neck) {+Rage Dex+3}
   (You took it off a deep elf high priest on level 3 of the Elven Halls)

   [amulet of rage]

   It affects your dexterity (+3).
   It lets you go berserk.
 Y - an uncursed ring of protection from magic
 Z - a +2 ring of protection
Magical devices
 h - a wand of draining (3)
 m - a wand of digging (2)
 u - a wand of paralysis (14)
 J - a wand of cold (4)
 L - a wand of disintegration (7)
 N - a wand of fire (9)
Scrolls
 H - 2 scrolls of immolation
 I - 3 scrolls of remove curse
 R - a scroll of fog
Potions
 j - 3 potions of brilliance
 k - 2 potions of resistance
 n - a potion of haste
 o - a potion of flight
 v - a potion of berserk rage
 x - 5 potions of curing
 A - a potion of magic
 B - 6 potions of lignification
 X - 2 potions of ambrosia
Miscellaneous
 d - a sack of spiders {used: 6}
 K - a legendary deck of changes {Wild Magic}
 M - a lamp of fire
 P - a phial of floods
 S - a fan of gales
Comestibles
 e - 10 bread rations
 g - 8 meat rations


   Skills:
 - Level 9.0 Fighting
 - Level 15.9 Maces & Flails
 - Level 4.3 Throwing
 - Level 7.8 Dodging
 - Level 0.7 Stealth
 * Level 9.1 Shields
 - Level 10.0 Spellcasting
 - Level 1.9 Charms
 - Level 2.1 Necromancy
 - Level 2.5 Translocations
 - Level 10.1 Transmutations
 - Level 9.9 Earth Magic
 - Level 7.0 Invocations
 - Level 4.2 Evocations


You had 7 spell levels left.
You knew the following spells:

 Your Spells              Type           Power        Failure   Level  Hunger
a - Apportation           Tloc           ###.......   2%          1    None
b - Statue Form           Trmt/Erth      #####....    21%         6    ######.
c - Stoneskin             Trmt/Erth      #####...     1%          2    None
d - Regeneration          Chrm/Necr      ###.......   12%         3    None
e - Passage of Golubria   Tloc           N/A          28%         4    ###....
f - Phase Shift           Tloc           ###.......   78%         5    #####..
g - Controlled Blink      Tloc           N/A          100%        7    #######


Dungeon Overview and Level Annotations

Branches:
Dungeon (15/15)            Temple (0/1) D:7            Lair (4/8) D:8
  Swamp (4/4) Lair:3          Orc (4/4) D:10            Elf (3/3) Orc:4
  Snake: Lair:3-6    Spider: Lair:3-6    Vaults: D:13-14     Depths: D:15

Altars:
Ashenzari
Dithmenos
Okawaru
Vehumet
Xom
Yredelemnul
Beogh

Shops:
D:11 =   Orc:4 [!}[:   Elf:1 [=(

Annotations:
D:4 Edmund
D:5 4thArraOfDagon's ghost, average CeBe
D:15 Urug
Swamp:2 exclusion: oklob plant
Elf:2 3 runed doors, Wiglaf


Innate Abilities, Weirdness & Mutations

You are too large for most types of armour.
((You have tough skin (AC +1).))


Message History

Okay, then.
Drink which item? (? for menu, Esc to quit)
You feel better.
Your skin stops crawling.
The slime creature quivers.
The seven-headed hydra closely misses you.
You block the seven-headed hydra's attack.
The seven-headed hydra bites you but does no damage. x2
The seven-headed hydra barely misses you.
You block the seven-headed hydra's attack.
The seven-headed hydra bites you but does no damage.
You block the spriggan rider's attack. You block the shadow's attack.
The bog body hits you but does no damage.
The bog body touches you but does no damage.
You block the bog body's attack. The bog body closely misses you.
The seven-headed hydra bites you!
* * * LOW HITPOINT WARNING * * *
The seven-headed hydra bites you but does no damage.
The seven-headed hydra bites you!
You die... ≈≈≈≈ ♣≈≈≈≈≈ §≈≈≈≈ ♣.≈≈≈≈ k.≈≈≈≈≈≈≈≈ ≈ .♣≈≈≈≈≈≈≈≈≈ .. ≈≈§J♣♣§.≈≈≈≈≈≈≈ . . n≈≈≈≈k...n≈§≈≈≈≈≈ ...≈#♣♣J fJJ.Dn..DD≈iD≈≈

≈..≈D♣n♣♣ink.♣♣♣.§≈≈≈≈≈≈
####n.n8.♣♣i..≈§i§≈≈.≈..
♣♣≈.≈.♣.DW≈♣♣§...§kn...♣♣
♣♣♣.≈..§....♣♣♣♣♣♣kw...♣♣♣
♣♣≈..≈..≈.≈..J♣♣♣.♣§§♣♣♣♣
♣≈..≈≈.D≈.≈J≈..≈..Wn≈♣
♣≈.≈.♣.....k..?≈†s♣k♣♣
....♣ ♣≈F.♣♣≈..≈≈♣♣♣♣♣ .≈%
♣♣.♣♣♣♣♣≈♣♣♣ ≈ ♣♣♣ ♣♣♣


You could see a seven-headed hydra, a six-headed hydra (fleeing), 2 swamp
dragons, 5 slime creatures, a spriggan rider, 5 bog bodies, a spiny frog
(fleeing), 4 swamp drakes and a shadow.

Vanquished Creatures
  Saint Roka (Orc:4)
  2 deep elf blademasters (Elf:3)
  2 deep elf master archers (Elf:3)
  2 deep elf sorcerers (Elf:3)
  Aizul (Elf:1)
  6 deep elf demonologists
  A very ugly thing (Swamp:4)
  9 deep elf annihilators (Elf:3)
  7 deep elf death magi (Elf:3)
  A minotaur (Lab)
  2 deep elf high priests (Elf:3)
  8 hydras
  2 alligators
  5 death yaks (Lair:4)
  5 orc high priests (Orc:4)
  The ghost of dickyta the Blocker, a powerful GrFi of the Shining One (D:11)
  5 deep elf knights
  5 deep elf summoners
  2 unseen horrors
  4 swamp dragons
  5 hill giants
  6 deep elf conjurers
  5 orc knights
  5 orc sorcerers
  A cyclops (Orc:4)
  A griffon (D:14)
  A black mamba (Lair:3)
  4 centaur zombies
  6 gargoyles (Lab)
  4 spiny frogs
  6 deep elf priests
  A tengu conjurer (D:11)
  A two-headed ogre (D:11)
  2 bog bodies
  3 trolls
  4 slime creatures (Swamp:3)
  3 shadows
  16 deep elf magi
  A spriggan (Swamp:1)
  7 yaks
  4 hippogriffs
  17 deep elf fighters
  8 vampire mosquitoes
  A steam dragon (D:13)
  8 wargs
  9 swamp worms
  A water moccasin (Lair:1)
  A porcupine (D:9)
  47 orc warriors
  2 ice beasts
  4 sky beasts
  4 swamp drakes
  3 wasps
  7 centaurs
  A necrophage (D:11)
  11 ogres
  2 big kobolds
  3 phantoms
  10 giant frogs
  2 scorpions
  5 wights (D:11)
  14 killer bees
  5 crimson imps
  3 giant frog zombies
  A quasit (D:12)
  17 orc wizards
  3 giant frog skeletons
  2 jellies
  5 hounds
  4 centaur skeletons
  39 orc priests
  9 worker ants
  A hell rat (D:8)
  5 iguanas
  2 sheep (Orc:4)
  A hound skeleton (D:6)
  3 gnolls (D:6)
  6 river rats
  9 adders
  A shadow imp (D:11)
  2 oozes
  3 adder zombies
  2 adder skeletons (D:9)
  A worm (D:2)
  2 giant geckos
  174 orcs
  2 goblins
  6 jackals (D:6)
  5 quokkas
  3 bats
  3 giant cockroaches
  2 giant newts
  12 kobolds
  6 rats
656 creatures vanquished.

Vanquished Creatures (collateral kills)
  A swamp dragon (Swamp:4)
1 creature vanquished.

Vanquished Creatures (others)
  A swamp drake (Swamp:4)
  An orc (D:10)
  A goblin (D:2)
  A fungus (Swamp:4)
4 creatures vanquished.

Grand Total: 661 creatures vanquished

Notes
Turn   | Place    | Note
--------------------------------------------------------------
     0 | D:1      | 4thArraOfDagon the Ogre Hunter began the quest for the Orb.
     0 | D:1      | Reached XP level 1. HP: 22/22 MP: 1/1
   108 | D:1      | Reached XP level 2. HP: 29/31 MP: 2/2
   192 | D:3      | Reached skill level 1 in Maces & Flails
   308 | D:4      | Found an iron altar of Okawaru.
   317 | D:4      | Got an iridescent mace
   318 | D:4      | Identified the +1 mace "Ruimaush" {crush, Dex+6} (You found it on level 4 of the Dungeon)
   319 | D:4      | rotfl
   320 | D:4      | pretty fly
   320 | D:4      | for a white ogre
   320 | D:4      | Became a worshipper of Warmaster Okawaru
   326 | D:4      | Noticed Edmund
   334 | D:5      | Entered Level 5 of the Dungeon
   339 | D:5      | Found a shadowy altar of Dithmenos.
   356 | D:5      | Reached skill level 1 in Invocations
   356 | D:5      | Reached XP level 3. HP: 37/37 MP: 3/3
   373 | D:5      | Reached XP level 4. HP: 45/45 MP: 3/5
   374 | D:5      | Found a shimmering altar of Xom.
   374 | D:5      | Found a shimmering altar of Xom.
   400 | D:5      | Found a shimmering altar of Xom.
   467 | D:5      | Noticed an ogre
   471 | D:5      | Killed an ogre
   471 | D:5      | Acquired Okawaru's first power
   471 | D:5      | Reached XP level 5. HP: 53/53 MP: 6/6
   487 | D:5      | Reached skill level 5 in Maces & Flails
   494 | D:5      | Noticed an ice beast
   498 | D:5      | Killed an ice beast
   498 | D:5      | Reached skill level 6 in Maces & Flails
   498 | D:5      | Reached XP level 6. HP: 43/61 MP: 8/8
   654 | D:5      | Noticed 4thArraOfDagon's ghost (average CeBe)
   742 | D:6      | Reached skill level 7 in Maces & Flails
   742 | D:6      | Reached XP level 7. HP: 50/67 MP: 9/9
  1008 | D:8      | Noticed a yak
  1008 | D:8      | Noticed a yak
  1008 | D:8      | Noticed a yak
  1008 | D:8      | Noticed a yak
  1113 | D:6      | Found a radiant altar of Vehumet.
  1113 | D:6      | Found a basalt altar of Yredelemnul.
  1318 | D:8      | Reached skill level 8 in Maces & Flails
  1547 | D:9      | Reached XP level 8. HP: 39/75 MP: 11/11
  1568 | D:9      | Reached skill level 9 in Maces & Flails
  1591 | D:9      | Reached skill level 5 in Invocations
  1636 | D:10     | Entered Level 10 of the Dungeon
  1708 | D:10     | Noticed a deep elf mage
  1761 | D:10     | You fall through a shaft for 2 floors!
  1761 | D:12     | Noticed a hill giant
  1769 | D:12     | Killed a hill giant
  1769 | D:12     | Reached skill level 10 in Maces & Flails
  1822 | D:12     | Noticed a troll
  1840 | D:12     | Killed a troll
  1840 | D:12     | Reached XP level 9. HP: 47/83 MP: 10/13
  1961 | D:12     | Reached skill level 11 in Maces & Flails
  2087 | D:12     | Reached skill level 12 in Maces & Flails
  2110 | D:12     | Reached skill level 5 in Dodging
  2122 | D:12     | Noticed a centaur zombie
  2448 | D:11     | Reached skill level 1 in Evocations
  2496 | D:11     | Found Cuggoy's Jewellery Emporium.
  2499 | D:11     | Noticed a hill giant
  2519 | D:11     | Killed a hill giant
  2519 | D:11     | Received a gift from Okawaru
  2519 | D:11     | Reached XP level 10. HP: 86/93 MP: 15/15
  2564 | D:11     | Reached skill level 13 in Maces & Flails
  2612 | D:11     | Reached skill level 5 in Fighting
  2623 | D:11     | Noticed dickyta's ghost (powerful GrFi)
  2769 | D:12     | Noticed a hill giant
  2821 | D:12     | Killed an unseen horror
  2821 | D:12     | Received a gift from Okawaru
  2833 | D:12     | Killed a centaur zombie
  2845 | D:12     | Killed a hill giant
  2925 | D:12     | Reached skill level 14 in Maces & Flails
  2992 | D:13     | Noticed a manticore
  3278 | D:10     | Reached XP level 11. HP: 106/106 MP: 16/16
  3441 | D:13     | Noticed a hill giant
  3449 | D:13     | Killed a hill giant
  3672 | D:15     | Entered Level 15 of the Dungeon
  3717 | D:15     | Noticed an orc knight
  3727 | D:15     | Found a labyrinth entrance.
  3736 | Lab      | Entered a labyrinth
  3783 | Lab      | Acquired Okawaru's second power
  4054 | Lab      | Killed an unseen horror
  4054 | Lab      | Reached skill level 15 in Maces & Flails
  4428 | Lab      | Noticed a minotaur
  4435 | Lab      | Killed a minotaur
  4443 | Lab      | Identified the Handbook of Unstable Clay
  4447 | Lab      | Identified Bais's Catalogue of Enchantment
  4450 | Lab      | Identified Sif Muna's Papyrus of Translocation and Talismans
  4453 | Lab      | Learned a level 1 spell: Apportation
  4460 | Lab      | Learned a level 6 spell: Statue Form
  4463 | Lab      | Learned a level 2 spell: Stoneskin
  4476 | Lab      | Identified the Guide on Sinister Air
  4494 | D:15     | Killed an orc knight
  4529 | D:15     | Found a shattered altar of Ashenzari.
  4553 | D:15     | Noticed Urug
  4716 | D:13     | Noticed an enchanted long sword
  4992 | D:10     | Reached skill level 1 in Earth Magic
  5016 | D:10     | Reached skill level 1 in Translocations
  5044 | D:10     | Killed a deep elf mage
  5044 | D:10     | Reached XP level 12. HP: 104/121 MP: 17/17
  5088 | D:9      | Reached skill level 1 in Transmutations
  5155 | D:8      | Noticed a hippogriff
  5161 | D:8      | Killed a hippogriff
  5161 | D:8      | Reached skill level 1 in Spellcasting
  5394 | D:7      | Found a staircase to the Ecumenical Temple.
  5414 | D:7      | Reached XP level 13. HP: 130/130 MP: 17/19
  5415 | D:7      | Reached skill level 5 in Spellcasting
  5415 | D:7      | Reached skill level 5 in Transmutations
  5415 | D:7      | Reached skill level 5 in Earth Magic
  5415 | D:7      | Reached XP level 14. HP: 139/139 MP: 17/22
  5601 | D:7      | Identified a scroll of acquirement
  5652 | D:8      | Found a staircase to the Lair.
  5735 | D:8      | Found a shattered altar of Ashenzari.
  5771 | D:8      | DONT FUCK THIS UP
  5771 | D:8      | YOU ARE AT LEAST DECENT OGRE!
  5771 | D:8      | APPROVED BY IBM!
  5771 | D:8      | QUALITY+FATALISTY
  5853 | D:10     | Found a staircase to the Orcish Mines.
  5961 | D:10     | Noticed a troll
  5972 | D:10     | Killed a troll
  6003 | Orc:1    | Entered Level 1 of the Orcish Mines
  6154 | Orc:1    | Found a radiant altar of Vehumet.
  6870 | Orc:3    | Found a roughly hewn altar of Beogh.
  7220 | Orc:4    | Entered Level 4 of the Orcish Mines
  7220 | Orc:4    | Found a staircase to the Elven Halls.
  7220 | Orc:4    | Noticed Saint Roka
  7404 | Orc:3    | You fall through a shaft!
  7424 | Orc:4    | Found Joesu's Book Emporium.
  8667 | Orc:4    | Found Qaugar's Armour Boutique.
  8667 | Orc:4    | Found Dawnuo's Gadget Boutique.
  8668 | Orc:4    | Found Afihudem's Distillery.
  8668 | Orc:4    | Found Ydagoe's Armour Boutique.
  8683 | Orc:4    | Bought the +2 shield of Resistance {rF+ rC+ MR+} for 575 gold pieces
  8684 | Orc:4    | Bought a potion of lignification for 54 gold pieces
  8684 | Orc:4    | Bought a potion of lignification for 54 gold pieces
  8684 | Orc:4    | Bought 2 potions of lignification for 108 gold pieces
  8684 | Orc:4    | Bought a potion of curing for 54 gold pieces
  8687 | Orc:4    | Bought a wand of disintegration (8) for 144 gold pieces
  8690 | Orc:4    | Bought a potion of cancellation for 144 gold pieces
  8690 | Orc:4    | Bought 2 potions of curing for 108 gold pieces
  8940 | Orc:4    | Killed Saint Roka
  8940 | Orc:4    | Received a gift from Okawaru
  8965 | Orc:4    | Found a roughly hewn altar of Beogh.
  9246 | Elf:1    | Entered Level 1 of the Elven Halls
  9293 | Elf:1    | Received a gift from Okawaru
  9296 | Elf:1    | Got a heavily runed large shield {god gift}
  9337 | Elf:1    | Identified the +3 large shield of the Ward {Int+4} (Okawaru gifted it to you on level 1 of the Elven Halls)
  9400 | Elf:1    | Found Fenwonk's Weapon Emporium.
  9406 | Elf:1    | Noticed Aizul
  9432 | Elf:1    | Killed Aizul
  9432 | Elf:1    | Reached XP level 15. HP: 81/146 MP: 20/26
  9558 | Elf:1    | Found Ecveel's Jewellery Emporium.
  9694 | Elf:2    | Noticed an Executioner
  9732 | Elf:2    | Found a runed gate.
  9746 | Elf:2    | Found a runed gate.
  9747 | Elf:2    | Found a runed gate.
  9811 | Elf:2    | Learned a level 3 spell: Regeneration
  9821 | Elf:2    | Learned a level 4 spell: Passage of Golubria
  9827 | Elf:2    | Learned a level 5 spell: Phase Shift
  9835 | Elf:2    | Learned a level 7 spell: Controlled Blink
  9873 | Elf:1    | Found Naynuoq's Armour Emporium.
  9949 | Elf:2    | Noticed Wiglaf
  9957 | Elf:3    | Entered Level 3 of the Elven Halls
 10556 | Elf:3    | Noticed a deep elf master archer
 10573 | Elf:3    | Killed a deep elf master archer
 10573 | Elf:3    | Reached skill level 1 in Shields
 10677 | Elf:3    | Received a gift from Okawaru
 10778 | Elf:3    | Got a serpentine copper amulet
 10784 | Elf:3    | Identified the amulet "Nouguxer" {+Rage Dex+3} (You took it off a deep elf high priest on level 3 of the Elven Halls)
 10853 | Elf:3    | Noticed a deep elf sorcerer
 10878 | Elf:3    | Killed a deep elf sorcerer
 10950 | Elf:3    | Received a gift from Okawaru
 11064 | Elf:3    | Noticed a deep elf blademaster
 11088 | Elf:3    | Killed a deep elf blademaster
 11543 | Elf:3    | Received a gift from Okawaru
 11543 | Elf:3    | Reached XP level 16. HP: 101/156 MP: 29/29
 11661 | Elf:3    | Noticed a deep elf master archer
 11681 | Elf:3    | Killed a deep elf master archer
 11681 | Elf:3    | Reached skill level 1 in Necromancy
 11713 | Elf:3    | Noticed a deep elf blademaster
 11875 | Elf:3    | Got an ivory war axe {flame}
 11902 | Elf:3    | Killed a deep elf blademaster
 11902 | Elf:3    | Received a gift from Okawaru
 11902 | Elf:3    | Reached skill level 1 in Charms
 12037 | Elf:3    | Received a gift from Okawaru
 12264 | Elf:3    | Reached skill level 5 in Shields
 12319 | Elf:3    | Received a gift from Okawaru
 12347 | Elf:3    | Identified the +8 war axe of Defiance {flame, rN+ Str+6 Int-2} (You took it off a deep elf death mage on level 3 of the Elven Halls)
 12544 | Elf:3    | Identified a +8 rod of inaccuracy (9/9) (You took it off a deep elf death mage on level 3 of the Elven Halls)
 12545 | Elf:3    | Identified a +4 rod of the swarm (13/13) (You took it off a deep elf death mage on level 3 of the Elven Halls)
 12548 | Elf:3    | Identified the Almanac of the Frostbite (You found it on level 3 of the Elven Halls)
 12569 | Elf:3    | Noticed a deep elf sorcerer
 12578 | Elf:3    | Killed a deep elf sorcerer
 12776 | Elf:1    | Reached skill level 10 in Transmutations
 12945 | Orc:4    | Bought a potion of haste for 180 gold pieces
 12945 | Orc:4    | Bought a potion of resistance for 180 gold pieces
 13251 | D:11     | Noticed a hill giant
 13271 | D:11     | Killed a hill giant
 13359 | D:11     | Killed dickyta's ghost
 13393 | D:11     | Bought the ring of the Seven Places {+/*Tele MP+9} for 343 gold pieces
 13453 | D:11     | Noticed a tengu conjurer
 13465 | D:11     | Killed a tengu conjurer
 13541 | Lair:1   | Entered Level 1 of the Lair of Beasts
 13809 | Lair:4   | Reached skill level 10 in Spellcasting
 13826 | Lair:3   | Found a staircase to the Swamp.
 13872 | Swamp:1  | Entered Level 1 of the Swamp
 14133 | Swamp:3  | Received a gift from Okawaru
 14232 | Swamp:3  | Received a gift from Okawaru
 14306 | Swamp:2  | Got a polished dire flail
 14312 | Swamp:2  | Identified the +5 dire flail of Death {freeze, *Noise rElec rPois Int+4} (You found it on level 2 of the Swamp)
 14381 | Swamp:4  | Entered Level 4 of the Swamp
 14406 | Swamp:4  | Upgraded the game from 0.17-a0-1939-ga475588 to 0.17-a0-1945-gfe993df
 14430 | Swamp:4  | Received a gift from Okawaru
 14508 | Swamp:4  | HP: 6/202 [spriggan rider/spear (6)]
 14510 | Swamp:4  | Mangled by a seven-headed hydra

Vault maps used:
D:1:      grunt_arrival_lava_bath, hangedman_decor_riveting
D:2:      grunt_qazlal_clouds, ashenzari_conservatory_becter,
          ecumenical_altar_2, uniq_robin
D:3:      gammafunk_temple_overflow_pools
D:4:      okawaru_ov_weapons_minmay, uniq_edmund
D:5:      grunt_dithmenos_smoke, first_bread, xom_redecorated
D:6:      kennysheep_mini_moat, nicolae_overflow_hidden_temple, basic_altar,
          uniq_grinder
D:7:      kennysheep_mini, minmay_temple_entry_hall
D:8:      dpeg_lair_monsters, basic_altar, hangedman_tree_tricks
D:10:     erik_orc_1
D:11:     serial_shops, nicolae_shop_stone
D:13:     erik_vaults_1, kennysheep_nondescript
D:14:     serial_glass, glass_columns_c, glass_columns_c, uniq_azrael
D:15:     grunt_enter_depths_hoard, lab_entry_generic,
          nicolae_ashenzari_panopticon, uniq_urug
Lair:1:   lemuel_ratsnest, uniq_erica
Lair:2:   st_stairs_10, lemuel_fruit_fields
Lair:3:   minmay_lair_venomous_thicket, swamp_mist, st_stairs_7,
          hangedman_lair_unloving_vines, grunt_megastairs_3,
          lemuel_fruit_fields, lemuel_fruit_fields, serial_bayou_shore_a
Swamp:1:  evilmike_swamp_ruin_rubble_2, infiniplex_staircase_pool_2
Swamp:2:  hangedman_swamp_pad, swamp_pool3, nicolae_swamp_oklob_treasure_island
Swamp:3:  evilmike_swamp_ruin_house_5, swamp_pool4, infiniplex_staircase_pool
Swamp:4:  grunt_swamp_rune_castle
Orc:1:    basic_altar
Orc:3:    basic_altar, nicolae_orc_pool_cavern, statue_in_the_mist_lemuel,
          library_closet
Orc:4:    st_orc_pillars, basic_altar, serial_shops, shop_coins,
          nicolae_orc_lava_room, uniq_saint_roka
Elf:1:    elf_arrival_002, serial_shops, shop, shop_fountains,
          nicolae_shop_stone, serial_sigils, serial_sigils_hangedman_scar,
          serial_sigils_hangedman_gnaw, serial_sigils_hangedman_etch,
          serial_sigils_hangedman_clutch, serial_sigils_hangedman_stare,
          serial_sigils_hangedman_scratch, uniq_aizul
Elf:2:    uniq_wiglaf
Elf:3:    grunt_elf_hall_branching, feat_on_display
Lab:      nicolae_lab_dead_adventurers, lab_block, nicolae_lab_stuck, lab_hedge,
          labyrinth_skeletal_remains, labyrinth_baited_teleportation_trap,
          nicolae_lab_big_swirl, nicolae_lab_flowing_pool

Action                   |  1- 3 |  4- 6 |  7- 9 | 10-12 | 13-15 | 16-18 || total
-------------------------+-------+-------+-------+-------+-------+-------++-------
Melee: Short sword       |    22 |       |       |       |       |       ||    22
       Mace              |     3 |    37 |   242 |   305 |       |       ||   587
       Giant spiked club |       |       |       |   121 |    48 |       ||   169
       Eveningstar       |       |       |       |       |  1337 |   529 ||  1866
 Fire: Blowgun           |       |       |       |     2 |       |       ||     2
Throw: Large rock        |    12 |    17 |    21 |     3 |     7 |     1 ||    61
       Throwing net      |     1 |     2 |     4 |     3 |       |       ||    10
       Javelin           |       |       |    26 |    12 |     9 |       ||    47
 Cast: Apportation       |       |       |       |       |       |    13 ||    13
       Statue Form       |       |       |       |       |       |    13 ||    13
       Regeneration      |       |       |       |       |       |    11 ||    11
       Stoneskin         |       |       |       |       |       |     5 ||     5
       Phase Shift       |       |       |       |       |       |     1 ||     1
Invok: Heroism           |       |       |    10 |    16 |    39 |    17 ||    82
       Finesse           |       |       |       |       |     3 |       ||     3
 Abil: Evoke Invisibilit |       |       |       |       |     1 |     2 ||     3
       Evoke Teleportati |       |       |       |       |       |     6 ||     6
       Evoke Berserk Rag |       |       |       |       |       |     2 ||     2
       Evoke Flight      |       |       |       |       |       |     1 ||     1
Evoke: Wand              |       |       |       |     8 |     9 |     1 ||    18
       Rod               |       |       |       |     2 |       |       ||     2
       Sack of spiders   |       |       |       |       |     1 |     6 ||     7
  Use: Scroll            |       |       |    16 |     9 |    13 |     9 ||    47
       Potion            |       |       |     3 |     5 |     3 |    14 ||    25
 Stab: Sleeping          |     1 |       |     1 |       |     2 |     3 ||     7
       Held in net/web   |       |       |       |     3 |       |       ||     3
       Paralysed         |       |       |       |     3 |       |       ||     3
       Invisible         |       |       |       |       |     3 |     3 ||     6
       Distracted        |       |       |       |       |       |     1 ||     1
  Eat: Chunk             |       |       |     7 |     2 |    24 |    13 ||    46
       Fruit             |       |       |       |     3 |       |     2 ||     5
       Royal jelly       |       |       |       |     1 |       |       ||     1
       Beef jerky        |       |       |       |     3 |       |     5 ||     8
       Pizza             |       |       |       |     2 |       |     2 ||     4
       Bread ration      |       |       |       |     1 |     1 |       ||     2
